Map: 2000 Atmospheres LE

Players

Reynor

  • Race: Zerg Zerg

Serral - Winner!

  • Race: Zerg Zerg

Event: DreamHack SC2 Masters 2021 Fall

VOD

Have the link to the VOD?

Description

Time

  • Played on: Aug. 13, 2021, 12:41 p.m.
  • Length: 13:27

All games in this series

Show
View Real Time Build Order
Export as new Build Order

Reynor Zerg 

Build Orders: Hatch First 

Get SALT Encoding   

  12  0:00  Drone  
  13  0:12  Overlord  
  13  0:16  Drone  
  14  0:30  Drone x2  
  16  0:48  Hatchery  
  15  0:50  Drone  
  15  0:54  Drone  
  17  0:57  Drone  
  18  1:07  Extractor  
  17  1:12  Spawning Pool  
  17  1:15  Drone  
  17  1:19  Drone  
  18  1:27  Drone  
  19  1:38  Drone  
  20  1:49  Drone  
  21  1:59  Overlord  
  21  2:00  Queen x2, Zergling x2  
  26  2:08  Metabolic Boost  
  26  2:10  Drone x2  
  28  2:21  Drone x2  
  30  2:32  Zergling x2  
  30  2:33  Drone  
  32  2:38  Hatchery  
  32  2:43  Drone  
  32  2:44  Overlord  
  32  2:54  Drone x2  
  34  3:03  Drone  
  35  3:11  Zergling x12  
  35  3:12  Zergling x2  
  42  3:19  Roach Warren  
  41  3:20  Overlord  
  41  3:22  Zergling x2  
  42  3:33  Zergling x2  
  43  3:34  Drone  
  43  3:38  Overlord  
  42  3:51  Overlord  
  42  3:52  Drone x3  
  39  4:03  Roach x5  
  39  4:06  Roach  
  39  4:09  Queen  
  52  4:12  Roach  
  52  4:15  Baneling Nest, Roach x2  
  57  4:23  Overlord  
  56  4:24  Drone x2  
  57  4:33  Zergling x2  
  58  4:39  Zergling x8  
  58  4:40  Zergling x4  
  58  4:41  Zergling x4, Evolution Chamber  
  58  4:45  Zergling x2  
  66  4:49  Zergling x2  
  66  4:50  Queen  
  69  4:55  Overlord  
  69  4:56  Zergling x2  
  67  5:06  Zergling x4  
  67  5:07  Zergling x2  
  68  5:08  Overlord  
  67  5:15  Baneling x2  
  67  5:16  Baneling x2  
  67  5:17  Drone x4  
  67  5:19  Baneling  
  71  5:22  Baneling x2  
  71  5:27  Drone x4  
  75  5:29  Drone  
  75  5:30  Drone  
  75  5:34  Drone x2  
  77  5:37  Drone x2  
  77  5:41  Drone x2  
  76  5:45  Drone x2  
  76  5:46  Drone  
  78  5:51  Drone x2  
  78  5:52  Extractor, Zerg Missile Weapons Level 1  
  78  5:53  Extractor  
  78  5:54  Drone  
  78  5:56  Drone x2  
  80  6:01  Overlord  
  80  6:02  Drone  
  81  6:09  Extractor  
  81  6:10  Overlord  
  81  6:11  Extractor  
  79  6:12  Drone  
  79  6:14  Roach x2  
  84  6:21  Roach  
  84  6:23  Zergling x6  
  84  6:24  Overlord  
  88  6:26  Drone x4  
  88  6:27  Queen, Drone  
  88  6:29  Drone x2  
  93  6:36  Overlord  
  93  6:39  Lair  
  93  6:41  Drone x2  
  95  6:49  Drone x2  
  95  6:50  Drone  
  95  6:52  Drone x2  
  95  6:53  Drone  
  96  6:55  Drone  
  96  6:56  Extractor, Drone, Hatchery  
  96  7:04  Roach x4  
  103  7:11  Roach x3  
  103  7:14  Roach x2  
  113  7:18  Overlord  
  113  7:21  Roach x3  
  117  7:25  Roach x2  
  117  7:28  Overlord  
  121  7:31  Drone  
  121  7:33  Roach x2  
  121  7:36  Overlord  
  126  7:42  Roach  
  126  7:43  Roach x3  
  129  7:51  Glial Reconstitution  
  129  7:52  Zerg Missile Weapons Level 2  
  129  7:54  Drone  
  129  7:56  Hydralisk Den  
  128  8:01  Roach x3  
  128  8:02  Roach x2  
  128  8:03  Overlord  
  138  8:14  Drone x4  
  138  8:15  Drone x2  
  138  8:19  Overlord  
  144  8:28  Hydralisk x8  
  144  8:33  Muscular Augments  
  162  8:34  Roach  
  162  8:37  Overlord  
  162  8:40  Overseer  
  162  8:44  Extractor  
  162  8:46  Roach x5  
  171  8:49  Overlord  
  171  8:51  Roach x2  
  171  8:55  Roach x3  
  181  8:58  Roach  
  183  9:03  Spore Crawler  
  183  9:04  Spore Crawler  
  183  9:07  Spore Crawler  
  180  9:11  Spore Crawler  
  180  9:13  Roach x2  
  180  9:16  Overlord  
  183  9:22  Overlord  
  183  9:31  Overlord  
  183  9:41  Roach x4  
  183  9:44  Grooved Spines  
  183  9:45  Drone, Infestation Pit  
  165  10:00  Roach x7  
  165  10:02  Roach x4  
  165  10:03  Roach x10  
  167  10:07  Roach x2  
  167  10:10  Roach x2  
  167  10:13  Roach x3  
  170  10:19  Roach x2  
  170  10:20  Roach x2  
  176  10:23  Roach  
  176  10:26  Ravager x3  
  176  10:28  Roach x2  
  185  10:32  Roach x2  
  185  10:33  Roach  
  175  10:36  Roach x2  
  175  10:40  Roach x2  
  175  10:41  Roach  
  163  10:46  Roach x3  
  157  10:55  Roach x3  
  154  11:00  Roach x2  
  154  11:03  Ravager  
  154  11:04  Ravager  
  158  11:05  Roach  
  148  11:12  Roach x2  
  148  11:13  Roach x4  
  148  11:18  Roach  
  160  11:25  Roach x2  
  164  11:27  Ravager  
  164  11:32  Roach  
  165  11:41  Roach x2  
  165  11:42  Roach x3  
  165  11:44  Roach  
  165  11:46  Ravager x2  
  167  11:47  Roach  
  167  11:50  Roach x4  
  177  11:56  Roach  
  177  12:00  Ravager, Roach x2  
  184  12:05  Roach x2  
  184  12:06  Roach  
  184  12:08  Hydralisk  
  185  12:14  Hydralisk x2  
  142  12:23  Hydralisk x4  
  142  12:27  Hydralisk  
  120  12:34  Lurker Den  
  120  12:36  Drone x3  
  105  12:38  Drone x2  
  105  12:43  Hydralisk  
  107  12:49  Hydralisk x2  
  111  12:52  Hydralisk  
  113  13:00  Hydralisk  
  113  13:01  Hydralisk  
Show
View Real Time Build Order
Export as new Build Order

Serral Zerg - Winner!

Build Orders: Hatch First, Muta Ling Bane 

Get SALT Encoding   

  12  0:00  Drone  
  13  0:12  Overlord  
  13  0:16  Drone  
  14  0:30  Drone  
  14  0:31  Drone  
  16  0:47  Hatchery  
  15  0:50  Drone  
  15  0:54  Drone  
  17  0:57  Drone  
  18  1:07  Extractor  
  17  1:12  Spawning Pool  
  17  1:15  Drone  
  17  1:17  Drone  
  18  1:27  Drone  
  19  1:38  Drone  
  20  1:57  Drone  
  20  1:59  Queen x2  
  20  2:00  Zergling x2  
  26  2:02  Overlord  
  26  2:10  Drone x2  
  26  2:11  Metabolic Boost  
  28  2:20  Drone  
  28  2:21  Drone  
  30  2:32  Hatchery  
  30  2:34  Drone  
  30  2:36  Drone  
  31  2:43  Queen  
  33  2:50  Baneling Nest  
  32  2:53  Overlord  
  32  2:56  Drone  
  32  2:58  Drone  
  34  3:00  Drone  
  34  3:03  Zergling x2  
  36  3:07  Overlord  
  36  3:11  Drone x2  
  38  3:16  Drone  
  38  3:17  Zergling x4  
  41  3:20  Zergling x2  
  41  3:23  Zergling x2  
  43  3:34  Baneling, Drone x2, Evolution Chamber  
  43  3:38  Drone  
  45  3:43  Zergling x2, Baneling x2  
  45  3:44  Zergling x4  
  44  3:56  Zergling x10  
  51  4:05  Drone x2  
  51  4:06  Roach Warren  
  51  4:09  Drone x2  
  54  4:17  Zerg Missile Weapons Level 1, Drone x2  
  54  4:20  Overlord  
  54  4:21  Overlord  
  55  4:27  Overlord  
  55  4:30  Drone x2  
  54  4:32  Drone  
  54  4:33  Extractor  
  54  4:36  Drone x2, Overlord  
  54  4:37  Drone  
  57  4:39  Overlord  
  57  4:43  Drone  
  58  4:50  Roach  
  58  4:51  Roach x3  
  66  5:05  Roach x2  
  66  5:06  Extractor, Roach  
  70  5:09  Overlord  
  72  5:14  Spine Crawler, Roach x2  
  72  5:17  Overlord  
  72  5:20  Roach  
  75  5:22  Zergling x14  
  75  5:27  Baneling  
  75  5:28  Baneling  
  82  5:35  Zergling x4, Roach x2  
  83  5:36  Zergling x4  
  74  5:52  Drone x3  
  74  5:54  Drone  
  79  5:58  Drone x5  
  79  6:00  Drone x2  
  79  6:01  Lair  
  79  6:04  Drone  
  87  6:09  Drone x2  
  89  6:13  Overlord  
  89  6:15  Zerg Ground Armor Level 1  
  89  6:20  Overlord  
  89  6:24  Baneling x2  
  84  6:29  Roach x5  
  91  6:33  Extractor  
  91  6:35  Roach x3  
  93  6:42  Drone x6  
  93  6:46  Roach  
  100  6:48  Roach  
  100  6:51  Spine Crawler, Roach  
  102  6:58  Roach  
  102  6:59  Roach x2  
  110  7:05  Drone  
  110  7:06  Drone x5  
  115  7:10  Extractor  
  111  7:20  Drone x2, Spire  
  111  7:22  Extractor  
  112  7:23  Drone x3  
  112  7:25  Glial Reconstitution  
  112  7:27  Overlord  
  115  7:30  Overseer  
  115  7:32  Overlord  
  115  7:35  Roach x2  
  119  7:37  Drone x2  
  116  7:51  Roach x7  
  128  8:04  Hatchery  
  128  8:05  Roach x4  
  135  8:10  Queen  
  137  8:14  Overlord, Zerg Missile Weapons Level 2  
  137  8:17  Roach  
  139  8:21  Overlord  
  139  8:22  Roach x2  
  139  8:25  Centrifical Hooks  
  143  8:31  Drone  
  144  8:34  Mutalisk x2  
  144  8:37  Overlord  
  144  8:38  Overlord  
  152  8:41  Roach x2  
  152  8:44  Roach x2  
  156  8:50  Overlord x2  
  156  8:52  Roach  
  156  8:54  Roach  
  160  8:56  Overlord  
  160  8:57  Overlord  
  160  9:04  Zergling x12  
  160  9:09  Zergling x8  
  170  9:13  Ravager  
  170  9:14  Ravager  
  170  9:15  Roach x2  
  176  9:18  Roach x2  
  176  9:19  Roach  
  176  9:24  Baneling x10  
  182  9:25  Baneling  
  182  9:26  Baneling  
  182  9:27  Ravager x2  
  182  9:30  Baneling x2  
  182  9:31  Baneling  
  184  9:35  Roach x3  
  190  9:39  Baneling x3  
  190  9:45  Roach x3  
  184  10:01  Roach x7  
  184  10:02  Roach x4  
  184  10:06  Roach  
  194  10:15  Roach x3  
  200  10:24  Ravager  
  200  10:25  Ravager  
  194  10:36  Roach x3  
  176  10:46  Roach x13  
  196  10:51  Roach x3  
  196  11:03  Roach x4  
  200  11:16  Extractor  
  191  11:18  Drone x3  
  191  11:19  Zergling x2  
  191  11:20  Zergling x10  
  200  11:39  Baneling x12  
  200  11:42  Overlord  
  200  11:43  Overlord  
  200  11:44  Roach  
  200  11:46  Overseer  
  199  11:47  Ravager  
  200  11:57  Roach x2  
  200  12:08  Roach x2  
  192  12:20  Roach x15  
  181  12:24  Roach  
  181  12:25  Roach x2  
  152  12:32  Roach x4  
  144  12:38  Roach x3  
  144  12:39  Roach  
  144  12:40  Queen  
  144  12:42  Roach  
  144  12:43  Roach  
  151  12:50  Ravager x3  
  151  12:51  Roach x3  
  158  12:57  Roach  
  160  12:59  Roach  
  160  13:01  Overseer  
  160  13:03  Drone  
  160  13:04  Infestation Pit, Roach x5  
  172  13:06  Ravager  
  172  13:07  Ravager  

Tags
 
Add a new tag
Caveats
  • Supply blocks, unpowered buildings, or Contaminate may cause inaccurate times.
  • Supply counts are checked every 10 seconds.